 Dungeon Crawl Stone Soup version 0.24.0-3-g28a8eb0610 (webtiles) character file.

Game seed: 2800163128380894333, levelgen mode: deterministic

267 Curus the Cudgeler (level 6, -11/51 HPs)
             Began as a Minotaur Abyssal Knight on Nov 1, 2019.
             Was a Believer of Lugonu.
             Mangled by an orc warrior
             ... wielding a +0 hand axe
              (13 damage)
             ... on level 3 of the Dungeon.
             The game lasted 00:24:25 (2364 turns).

Curus the Cudgeler (Minotaur Abyssal Knight)        Turns: 2364, Time: 00:24:26

Health: -11/51     AC:  8    Str: 16      XL:     6   Next: 0%
Magic:  8/8        EV:  7    Int:  8 (9)  God:    Lugonu [**....]
Gold:   98         SH:  0    Dex: 11 (12) Spells: 5/5 levels left

rFire    . . .     SeeInvis .   j - +0 morningstar
rCold    . . .     Gourm    .   (no shield)
rNeg     + . .     Faith    .   k - +0 chain mail
rPois    .         Spirit   .   (helmet restricted)
rElec    .         Reflect  .   (no cloak)
rCorr    .         Harm     .   (no gloves)
MR       .....                  (no boots)
Stlth    ..........             (no amulet)
HPRegen  0.17/turn              d - ring of positive energy
MPRegen  0.11/turn              (no ring)

@: lightly drained
A: retaliatory headbutt, horns 2
a: Depart the Abyss, Bend Space, Renounce Religion


You were on level 3 of the Dungeon.
You worshipped Lugonu.
Lugonu was pleased with you.
You were hungry.

You visited 1 branch of the dungeon, and saw 4 of its levels.
You visited the Abyss 1 time.

You collected 98 gold pieces.

Inventory:

Hand Weapons
 a - a +1 mace
 j - a +0 morningstar (weapon)
Armour
 b - a +0 leather armour
 i - a +1 ring mail
 k - a +0 chain mail (worn)
Jewellery
 d - a ring of positive energy (left hand)
Wands
 f - a wand of random effects (25)
 g - a wand of paralysis (5)
Scrolls
 e - 7 scrolls of identify
 h - 2 scrolls of amnesia
 l - a scroll of remove curse
Potions
 m - 2 potions of curing
Comestibles
 c - 5 rations


   Skills:
 - Level 3.6 Fighting
 + Level 5.6 Maces & Flails
 - Level 2.4 Armour
 - Level 1.1(1.0) Dodging
 + Level 4.5 Invocations


You had 5 spell levels left.
You didn't know any spells.
Your spell library was empty.

Dungeon Overview and Level Annotations

Branches:
Dungeon (4/15)
 Temple: D:4-7

Altars:
Makhleb
Sif Muna
The Shining One


Innate Abilities, Weirdness & Mutations

You reflexively headbutt those who attack you in melee.
You have a pair of horns on your head.


Message History

You closely miss the orc warrior.
The orc warrior is severely wounded.
The orc warrior hits you with a +0 hand axe!
* * * LOW HITPOINT WARNING * * *
You closely miss the orc warrior. You headbutt the orc warrior.
The orc warrior is almost dead.
The orc warrior hits you with a +0 hand axe.
* * * LOW HITPOINT WARNING * * *
You closely miss the orc warrior.
The orc warrior is almost dead.
The orc warrior hits you with a +0 hand axe!
* * * LOW HITPOINT WARNING * * *
You barely miss the orc warrior. Your headbutt misses the orc warrior.
The orc warrior is almost dead.
The orc warrior hits you but does no damage.
Your chain mail prevents you from hitting the orc warrior.
Your headbutt misses the orc warrior.
The orc warrior is almost dead.
The orc warrior hits you with a +0 hand axe!
You die...

#.# #.# ## ..#####.# .#
#.........# .# #. .#.#.......#
.##### #.####.#.#..####.####
.....######.#..#.. #.#..# #.##..
.###........#..#o# #.#..# #.#<.#
..>....#######.#@###.#..# #.####
####...#.............#..####..)..
.............................[)>#
###...†#.##....#.##############.#
###......#####[#.# #...
.....#().#.......# #...
######...##.##.### ####... #
#.#.##.##.# #...... #
#)#.##.##)####### #.##...


You could see an orc warrior.

Vanquished Creatures
  An orc priest (D:3)
  Natasha (thrice) (D:2)
  2 adders
  6 gnolls (D:3)
  2 worms (D:2)
  A dart slug (D:1)
  4 leopard geckos
  9 orcs (D:3)
  5 bats
  12 giant cockroaches
  6 goblins
  4 hobgoblins
  2 jackals (D:2)
  A quokka (D:3)
  A ball python (D:3)
  2 frilled lizards
  6 kobolds
  5 rats
72 creatures vanquished.

Notes
Turn   | Place    | Note
-------+----------+-------------------------------------------
     0 | Abyss:1  | Curus the Minotaur Abyssal Knight began the quest for the
                  | Orb.
     0 | Abyss:1  | Reached XP level 1. HP: 19/19 MP: 1/1
    11 | D:1      | Escaped the Abyss
    52 | D:1      | Reached XP level 2. HP: 22/26 MP: 2/2
    55 | D:1      | Reached skill level 3 in Maces & Flails
   576 | D:2      | Noticed Natasha
   580 | D:2      | Noticed a crimson imp
   580 | D:2      | Killed Natasha
   580 | D:2      | Reached XP level 3. HP: 31/31 MP: 2/4
   681 | D:2      | Found a glowing golden altar of the Shining One.
   858 | D:2      | Noticed Natasha
   866 | D:2      | Killed Natasha
   866 | D:2      | Reached skill level 4 in Maces & Flails
   866 | D:2      | Reached XP level 4. HP: 19/39 MP: 5/5
  1042 | D:2      | Reached ** piety under Lugonu
  1284 | D:2      | Noticed Natasha
  1287 | D:2      | Killed Natasha
  1506 | D:3      | Noticed an orc warrior
  1799 | D:3      | Reached XP level 5. HP: 31/45 MP: 6/6
  1804 | D:3      | Reached skill level 5 in Maces & Flails
  1971 | D:3      | Found a burning altar of Makhleb.
  2180 | D:3      | Found a shimmering blue altar of Sif Muna.
  2310 | D:3      | Reached XP level 6. HP: 46/51 MP: 8/8
  2362 | D:3      | HP: 1/51 [orc warrior/+0 hand axe (9)]
  2364 | D:3      | Mangled by an orc warrior

Levels and vault maps discovered:
D:1:      dpeg_arrival_shelter, layout_basic
D:2:      layout_loops_ring, nicolae_overflow_hidden_temple, uniq_natasha
D:3:      minmay_roachtagon, layout_basic, lemuel_crystal_altar,
          lemuel_crystal_altar
D:4:      minmay_goblin_kobold_castle, layout_basic, first_ration, uniq_pikel

Skill      XL: |  1  2  3  4  5 |
---------------+----------------+-----
Invocations    | 2 3 4 |  4.5
Maces & Flails | 3 4 5 |  5.6
Fighting       | |  3.6
Armour         | |  2.4
Dodging        | |  1.1

Action                   |  1- 3 |  4- 6 || total
-------------------------+-------+-------++-------
Melee: Mace              |    64 |    17 ||    81
       Headbutt          |     5 |    16 ||    21
       Morningstar       |       |   113 ||   113
Evoke: Wand              |       |     2 ||     2
  Use: Scroll            |     7 |     2 ||     9
       Potion            |     3 |     1 ||     4
  Eat: Ration            |       |     1 ||     1
       Chunk             |       |     1 ||     1
Armor: Leather armour    |    18 |       ||    18
       Ring mail         |       |    27 ||    27
       Chain mail        |       |    40 ||    40
Dodge: Dodged            |    34 |    78 ||   112
